Map: [ESL] Ghost River

Players

GunGFuBanDa

  • Race: Protoss Protoss
  • Spawn Location: 1:00

Harstem - Winner!

  • Race: Protoss Protoss
  • Spawn Location: 11:00

Event: ESL SC2 Masters 2024 Spring (Regional)

VOD

Have the link to the VOD?

Description

Time

  • Played on: April 18, 2024, 10:29 a.m.
  • Length: 9:49

All games in this series

Show
View Real Time Build Order
Export as new Build Order

GunGFuBanDa Protoss 

Build Orders: Oracle Opening 

Get SALT Encoding   

  12  0:00  Probe  
  13  0:12  Probe  
  14  0:16  Pylon  
  14  0:24  Probe (Chrono Boost)  
  15  0:36  Probe (Chrono Boost), Gateway  
  16  0:44  Probe (Chrono Boost)  
  16  0:45  Assimilator  
  17  0:51  Probe  
  17  0:54  Assimilator  
  18  1:03  Probe (Chrono Boost)  
  19  1:08  Gateway  
  19  1:13  Probe (Chrono Boost)  
  19  1:18  Probe (Chrono Boost)  
  20  1:24  Cybernetics Core  
  21  1:29  Probe  
  22  1:35  Pylon  
  22  1:41  Probe  
  23  1:53  Probe  
  24  2:01  Stalker x2  
  24  2:02  Warp Gate  
  28  2:12  Pylon  
  28  2:19  Stargate  
  28  2:31  Stalker  
  28  2:36  Stalker  
  32  2:44  Probe  
  33  3:04  Oracle (Chrono Boost)  
  35  3:17  Probe  
  35  3:18  Nexus  
  36  3:32  Oracle (Chrono Boost)  
  37  3:37  Pylon  
  39  3:55  Probe  
  40  3:58  Stalker x2  
  44  4:07  Probe (Chrono Boost)  
  44  4:09  Robotics Facility  
  45  4:19  Probe (Chrono Boost)  
  46  4:26  Probe (Chrono Boost)  
  45  4:40  Probe  
  45  4:41  Shield Battery  
  45  4:42  Probe  
  47  4:45  Sentry, Stalker  
  47  4:51  Pylon  
  51  4:53  Probe  
  51  4:54  Immortal (Chrono Boost), Probe  
  57  5:05  Probe  
  58  5:11  Probe  
  59  5:17  Probe  
  60  5:25  Immortal (Chrono Boost)  
  64  5:28  Probe  
  64  5:29  Probe  
  64  5:31  Assimilator  
  64  5:32  Assimilator  
  65  5:38  Twilight Council  
  65  5:40  Probe  
  66  5:53  Pylon  
  67  5:58  Immortal (Chrono Boost)  
  67  6:00  Probe x2  
  69  6:11  Blink (Chrono Boost)  
  69  6:19  Sentry, Probe x2  
  69  6:20  Gateway  
  69  6:22  Gateway  
  69  6:34  Immortal (Chrono Boost)  
  63  6:50  Stalker x2  
  63  6:53  Gateway x2  
  64  6:56  Gateway  
  64  7:06  Warp Prism  
  66  7:15  Sentry  
  66  7:16  Sentry, Stalker  
  62  7:30  Stalker  
  62  7:33  Pylon  
  64  7:39  Observer, Stalker x3  
  64  7:44  Dark Shrine  
  71  8:00  Stalker x4  
  79  8:17  Pylon  
  79  8:24  Stalker x3  
  85  8:38  Zealot  
  81  8:55  Dark Templar  
  81  8:56  Dark Templar x2  
  81  8:57  Dark Templar  
  81  8:59  Pylon  
  89  9:07  Zealot, Stalker  
  93  9:14  Warp Prism (Chrono Boost)  
  95  9:29  Stalker x3  
Show
View Real Time Build Order
Export as new Build Order

Harstem Protoss - Winner!

Build Orders: Phoenix Opening 

Get SALT Encoding   

  12  0:00  Probe  
  13  0:12  Probe  
  14  0:17  Pylon  
  14  0:24  Probe (Chrono Boost)  
  15  0:36  Probe (Chrono Boost)  
  15  0:38  Gateway  
  16  0:45  Probe (Chrono Boost)  
  16  0:46  Assimilator  
  17  0:51  Probe  
  17  0:54  Assimilator  
  18  1:03  Probe (Chrono Boost)  
  19  1:06  Gateway  
  19  1:12  Probe (Chrono Boost)  
  19  1:17  Probe (Chrono Boost)  
  21  1:26  Cybernetics Core  
  21  1:29  Probe  
  22  1:33  Pylon  
  22  1:41  Probe  
  23  1:53  Probe  
  24  1:59  Warp Gate (Chrono Boost)  
  24  2:02  Stalker  
  24  2:06  Sentry  
  28  2:08  Pylon  
  28  2:09  Probe  
  29  2:22  Probe  
  30  2:29  Pylon, Sentry  
  32  2:40  Phoenix, Nexus  
  32  2:43  Sentry  
  34  2:47  Probe  
  35  2:57  Robotics Facility  
  35  3:02  Pylon  
  35  3:07  Probe  
  36  3:19  Probe  
  37  3:31  Probe  
  37  3:32  Twilight Council  
  38  3:35  Phoenix  
  38  3:38  Gateway  
  38  3:40  Stalker x2  
  42  3:43  Probe  
  43  3:53  Probe  
  45  3:55  Probe  
  45  4:05  Stalker x2  
  45  4:06  Blink (Chrono Boost), Probe  
  45  4:07  Probe  
  51  4:18  Probe  
  52  4:29  Stalker x2  
  53  4:35  Phoenix, Probe  
  53  4:37  Probe  
  50  4:43  Pylon  
  50  4:44  Stalker  
  52  4:47  Probe  
  52  4:49  Probe  
  54  4:54  Pylon  
  54  4:56  Stalker  
  54  4:59  Stalker  
  58  5:02  Probe  
  58  5:04  Probe  
  60  5:13  Stalker  
  62  5:14  Probe  
  62  5:17  Probe  
  64  5:26  Probe  
  65  5:31  Nexus  
  65  5:33  Probe  
  66  5:38  Probe  
  67  5:44  Stalker  
  67  5:45  Pylon, Probe  
  70  5:51  Probe  
  72  5:59  Charge (Chrono Boost)  
  72  6:00  Stalker x2  
  72  6:02  Assimilator  
  75  6:04  Forge  
  75  6:05  Probe  
  75  6:07  Probe  
  77  6:18  Probe  
  78  6:19  Probe  
  78  6:20  Gateway  
  79  6:30  Probe  
  74  6:38  Probe  
  71  6:41  Stalker x3  
  71  6:44  Probe  
  78  6:50  Probe  
  78  6:52  Probe  
  78  6:56  Robotics Facility, Probe  
  78  6:57  Protoss Ground Weapons Level 1 (Chrono Boost)  
  78  6:58  Shield Battery  
  79  7:02  Probe, Gateway  
  79  7:04  Photon Cannon, Gateway  
  79  7:05  Probe  
  79  7:08  Probe  
  82  7:14  Probe  
  83  7:17  Probe  
  76  7:27  Zealot  
  76  7:28  Zealot x3  
  81  7:32  Gateway  
  81  7:36  Pylon  
  80  7:37  Gateway  
  80  7:39  Probe  
  80  7:42  Immortal (Chrono Boost)  
  82  7:49  Pylon  
  82  7:50  Sentry  
  82  7:51  Zealot x3  
  93  7:59  Zealot x2  
  93  8:02  Shield Battery  
  97  8:06  Shield Battery  
  97  8:10  Shield Battery  
  97  8:11  Immortal (Chrono Boost)  
  95  8:13  Stalker x2  
  95  8:16  Shield Battery  
  103  8:22  Zealot x3, Sentry  
  110  8:35  Zealot x2  
  110  8:40  Warp Prism (Chrono Boost)  
  114  8:48  Probe  
  113  8:49  Zealot x2  
  113  8:50  Probe  
  113  8:52  Pylon  
  114  8:57  Pylon  
  114  8:59  Nexus  
  114  9:03  Assimilator  
  114  9:04  Templar Archives  
  114  9:07  Assimilator  
  114  9:08  Pylon, Assimilator  
  114  9:15  Probe  
  114  9:16  Probe  
  116  9:19  Observer (Chrono Boost)  
  116  9:20  Probe  
  116  9:21  Photon Cannon  
  118  9:27  Zealot x5, Probe  
  123  9:43  Zealot x3  
Tags
 
Add a new tag
Caveats
  • Supply blocks, unpowered buildings, or Contaminate may cause inaccurate times.
  • Supply counts are checked every 10 seconds.